 Dungeon Crawl Stone Soup version 0.29.1-14-g9c671dbff4 (webtiles) character file.

Game seed: 12197892435473949431

25 H0rd4k the Charlatan (level 3, -1/24 HPs)
             Began as an Octopode Artificer on Feb 16, 2023.
             Succumbed to a goblin's poison
             ... on level 2 of the Dungeon.
             The game lasted 00:00:52 (1296 turns).

H0rd4k the Charlatan (Octopode Artificer)           Turns: 1296, Time: 00:00:53

Health: -1/24      AC:  1    Str: 11    XL:     3   Next: 4%
Magic:  4/4        EV: 13    Int: 15    God:
Gold:   65         SH:  0    Dex: 12    Spells: 4/4 levels left

rFire   . . .      SeeInvis .   (no weapon)
rCold   . . .      Faith    .   (no shield)
rNeg    . . .      Spirit   .   (helmet restricted)
rPois   .          Reflect  .   (no amulet)
rElec   .          Harm     .   (no ring)
rCorr   .          Rampage  .   (no ring)
Will    .....                   (no ring)
Stlth   +++.......              (no ring)
HPRegen 0.08/turn               (no ring)
MPRegen 0.09/turn               (no ring)
                                (no ring)
                                (no ring)

@: mighty, lethally poisoned (-1 -> -8)
A: almost no armour, amphibious, 8 rings, camouflage 1, gelatinous body 1,
(nimble swimmer 1), tentacles, screaming 1, inability to read after injury 1
a: no special abilities


You were on level 2 of the Dungeon.
You visited 1 branch of the dungeon, and saw 2 of its levels.

You collected 65 gold pieces.

Inventory:

Magical Staves
 l - a staff of poison
Wands
 b - a wand of flame (15) (quivered)
 c - a wand of charming (15)
 d - a wand of iceblast (5)
Scrolls
 a - a scroll of identify {unknown}
 e - a scroll of vulnerability {unknown}
 m - a scroll of noise {unknown}
 o - a scroll of blinking {unknown}
 p - a scroll of immolation {unknown}
Potions
 g - a potion of curing {unknown}
 h - a potion of heal wounds {unknown}
 j - a potion of resistance {unknown}
 k - a potion of flight {unknown}
 n - 2 potions of haste {unknown}


   Skills:
 * Level 2.0 Fighting
 - Level 2.3 Dodging
 - Level 1.3 Stealth
 + Level 0.7 Unarmed Combat
 * Level 1.2 Spellcasting
 - Level 3.2 Evocations


You had 4 spell levels left.
You didn't know any spells.
Your spell library was empty.

Dungeon Overview and Level Annotations

Branches:
Dungeon (2/15)

Altars:

Annotations:
D:2 Robin


Innate Abilities, Weirdness & Mutations

You cannot wear most types of armour.
You are amphibious.
You can wear up to eight rings at the same time.
Your skin changes colour to match your surroundings (Stealth+).
Your rubbery body absorbs attacks. (AC +1, EV +1)
((You are camouflaged when in or above water. (Stealth+)))
You have tentacles for arms and can constrict up to eight enemies at once.
You occasionally shout uncontrollably at your foes.
You occasionally lose the ability to read scrolls when taking damage.


Message History

The goblin is almost dead.
You hear a shout!
Robin throws the goblin at you!
The goblin hits you with a +0 dagger of venom.
You are poisoned.
The goblin barely misses you.
You tentacle-slap the goblin but do no damage.
Your grab misses the goblin. You squeeze the goblin.
You kill the goblin!
You feel sick.
An orc comes into view. It is wielding a +0 dagger.
The goblin hits you with a +0 dagger of venom.
You have reached level 3!
Your experience leads to an increase in your attributes!
Increase (S)trength, (I)ntelligence, or (D)exterity?
You feel clever. x2
You closely miss the goblin.
The orc shouts!
Your grab misses the goblin.
You feel sick.
Robin zaps a wand.
Some rock shatters into small pieces.
The goblin hits you with a +0 dagger of venom.
* * * LOW HITPOINT WARNING * * *
You are lethally poisoned!
You tentacle-slap the goblin. You grab the goblin.
The goblin is severely wounded.
You constrict the goblin.
You kill the goblin!
* * * LOW HITPOINT WARNING * * *
You feel very sick.
Unknown command.
It was a potion of might.
You feel very mighty all of a sudden.
* * * LOW HITPOINT WARNING * * *
You feel sick. Robin throws the goblin at you! The goblin closely misses you.
The goblin hits you with a +0 dagger.
* * * LOW HITPOINT WARNING * * *
It was a potion of mutation.
You feel extremely strange.
You feel the urge to shout.
You occasionally lose the ability to read scrolls when taking damage.
You die...

#+##########<###
###.######
#........#
#...####.#
###.....##.#
...)....##.#
###..>.....#
##.##g#### ##
#@# #g# #g# #.#
#g# .o. .g. .##


You could see Robin, an orc, a hobgoblin and 3 goblins.

Vanquished Creatures
  A dart slug (D:2)
  2 bats (D:1)
  2 endoplasms (D:1)
  2 giant cockroaches (D:1)
  4 goblins
  A hobgoblin (D:1)
  2 quokkas (D:1)
  A ball python (D:1)
  3 frilled lizards (D:1)
  2 rats (D:1)
20 creatures vanquished.

Notes
Turn   | Place    | Note
-------+----------+-------------------------------------------
     0 | D:1      | H0rd4k the Octopode Artificer began the quest for the Orb.
     0 | D:1      | Reached XP level 1. HP: 13/13 MP: 1/1
   490 | D:1      | Reached XP level 2. HP: 16/18 MP: 1/3
   576 | D:1      | Found a faded altar of an unknown god.
   660 | D:1      | Reached skill level 1 in Spellcasting
  1289 | D:2      | Noticed Robin
  1293 | D:2      | Reached XP level 3. HP: 10/24 MP: 4/4
  1295 | D:2      | HP: 1/24 [goblin/+0 dagger[Robin] (1)]
  1296 | D:2      | Gained mutation: You occasionally shout uncontrollably at
                  | your foes. [potion of mutation]
  1296 | D:2      | Gained mutation: You occasionally lose the ability to read
                  | scrolls when taking damage. [potion of mutation]
  1296 | D:2      | Succumbed to a goblin's poison

Illustrated notes

Levels and vault maps discovered:
D:1:      nzn_arrival_depleted_hourglass, layout_loops_ring,
          ebering_ecumenical_altar_webs
D:2:      layout_loops_corners, uniq_robin, uniq_jessica

Skill      XL: |  1  2 |
---------------+-------+-----
Spellcasting   | 1 |  1.2
Fighting       | 2 |  2.0
Dodging        | |  2.3
Stealth        | |  1.3
Unarmed Combat | |  0.7
Evocations     | |  3.2

Action                   || total
-------------------------++-------
Melee: Unarmed           ||    43
       Constrict         ||    12
       Tentacles         ||     9
       Punch             ||     1
  Use: Potion            ||     2
 Stab: Sleeping          ||     6
Armor: Skin              ||     4
Dodge: Dodged            ||    20
